 Dungeon Crawl Stone Soup version 0.30.1 (webtiles) character file.

Game seed: 5011687951483495927

812 Sanktem7 the Chopper (level 7, 0/61 HPs)
             Began as a Minotaur Fighter on July 7, 2023.
             Killed by divine providence
             ... invoked by an orc priest
              (17 damage)
             ... on level 5 of the Dungeon.
             The game lasted 00:04:38 (4475 turns).

Sanktem7 the Chopper (Minotaur Fighter)             Turns: 4475, Time: 00:04:39

Health: 0/61       AC: 14    Str: 29    XL:     7   Next: 61%
Magic:  6/6        EV: 10    Int:  5    God:
Gold:   199        SH:  5    Dex: 15    Spells: 6/6 levels left

rFire   . . .        a - +0 war axe {axe}
rCold   . . .        c - +0 buckler
rNeg    . . .        b - +0 scale mail
rPois   .            (helmet restricted)
rElec   .            t - +2 cloak
rCorr   .            (no gloves)
SInv    .            f - +2 pair of boots
Will    .....        (no amulet) Stlth
                     A - +6 ring of strength
HPRegen 0.30/turn    j - +6 ring of dexterity
MPRegen 0.10/turn

%: no passive effects
@: no status effects
A: horns 2, retaliatory headbutt
a: no special abilities


You were on level 5 of the Dungeon.
You visited 1 branch of the dungeon, and saw 5 of its levels.

You collected 199 gold pieces.


Innate Abilities, Weirdness & Mutations

You have a pair of horns on your head.
You reflexively headbutt those who attack you in melee.


   Skills:
 + Level 5.4 Fighting
 * Level 6.5 Axes
 + Level 3.1 Throwing
 + Level 5.5 Armour
 + Level 5.5 Shields


You had 6 spell levels left.
You didn't know any spells.
Your spell library contained the following spells:

 Spells                   Type           Power      Damage    Failure   Level
 Frozen Ramparts          Ice            0%         1d1       98%         3
 Ice Form                 Ice/Tmut       0%         N/A       100%        4
 Summon Ice Beast         Ice/Summ       0%         N/A       100%        4

Inventory:

Hand Weapons
 a - a +0 war axe (weapon) {axe}
Missiles
 r - 7 boomerangs (quivered) {throwing}
 u - 13 poisoned darts {throwing}
Armour
 b - a +0 scale mail (worn)
 c - a +0 buckler (worn)
 f - a +2 pair of boots (worn)
   (You found it on level 1 of the Dungeon)
 t - a +2 cloak (worn)
   (You found it on level 2 of the Dungeon)
Jewellery
 j - a +6 ring of dexterity (right hand)
   (You found it on level 1 of the Dungeon)
 A - a +6 ring of strength (left hand)
   (You found it on level 4 of the Dungeon)
Wands
 s - a wand of flame (22)
   (You found it on level 2 of the Dungeon)
 x - a wand of mindburst (3)
   (You took it off Ijyb on level 3 of the Dungeon)
Scrolls
 g - 3 scrolls of poison {!r}
 h - a scroll of identify {@r1}
 l - a scroll of summoning {unknown}
 m - a scroll of immolation {!r!r}
 p - 2 scrolls of teleportation {@r4}
 q - a scroll of blinking {!r}
 v - a scroll of vulnerability {!r!r}
 y - a scroll of magic mapping {unknown}
Potions
 d - a potion of might
 e - 4 potions of heal wounds {@q2}
 k - 2 potions of curing {@q1}
 o - a potion of haste {@q3}
 z - a potion of cancellation {unknown}

Dungeon Overview and Level Annotations

Branches:
Dungeon (5/15) Zot: 25454  Temple (0/1) D:5

Altars:
Elyvilon

#....
##... ....
#... ..#
#.# #.##
##@)##
#.<)[#
#.##[#
#g##..>
#O####...
..######.#
..#..
#......#g#
.# .
#.o.### .#
# ##.g..#
# .


You could see an ogre, an orc priest and 2 gnolls.


Message History

😨 HP[-1]
You take 1 damage, and now have 29/61 hp.
You feel sick. 😨 HP[-1]
You take 1 damage, and now have 28/61 hp.
You feel sick.
You start resting.
You feel sick. x3
You are no longer poisoned. 😨 HP[-3]
You take 3 damage, and now have 25/61 hp. 😨 HP[+1]
There is a stone staircase leading down here.
You start resting. 😎 HP[+35]
Your hp is fully restored (61).
You climb downwards.
The iguana bites you.
There is a stone staircase leading up, spattered with blood here.
You see here a +0 flail {mace}. 😕 HP[-3]
You take 3 damage, and now have 58/61 hp.
You closely miss the iguana. You headbutt the iguana!
The iguana hisses menacingly.
The iguana barely misses you.
The orc priest mumbles some strange prayers to Beogh against you.
Beogh smites you! The iguana bites you. 😕 HP[-11]
You take 11 damage, and now have 47/61 hp.
You hit the iguana but do no damage. You closely miss the orc priest.
The iguana bites you! The orc priest misses you. 😮 HP[-8]
You take 8 damage, and now have 39/61 hp.
You are too injured to fight recklessly!
You are too injured to fight recklessly!
You are too injured to fight recklessly!
You are too injured to fight recklessly!
You are too injured to fight recklessly!
You are too injured to fight recklessly!
You are too injured to fight recklessly!
You are too injured to fight recklessly!
You hit the orc priest.
You headbutt the orc priest, but do no damage.
You barely miss the iguana. You block the iguana's attack.
The orc priest hits you but does no damage.
You barely miss the orc priest. You hit the iguana.
You block the iguana's attack. The orc priest hits you with a +0 club.
You slice the orc priest!!
You kill the orc priest!
You hit the iguana.
You kill the iguana!
Things that are here:
a +0 club {mace}; an orc corpse
Items here: )) [[ †. 😮 HP[+1] Key pressed, stopping explore.
Things that are here:
a +0 club {mace}; an orc corpse
There is a stone staircase leading up, spattered with blood here.
You see here a +0 flail {mace}.
Key pressed, stopping explore.
h - a scroll of identify {@r1} 😎 HP[+21]
Your hp is fully restored (61). 3 gnolls come into view.
The gnoll shouts! x3; You hear a shout!
The gnoll enters a dispersal trap!
The gnoll blinks! x3
You blink.
The gnoll moves out of view. x2
You hit the gnoll bouda. You headbutt the gnoll bouda!
The gnoll bouda hits you but does no damage.
You slash the gnoll bouda!
You kill the gnoll bouda!
The ogre completely misses you.
You hit the ogre. You slash the ogre! You headbutt the ogre!
The ogre hits you with a +0 giant spiked club!
You block the gnoll's attack. 😮 HP[-17]
You take 17 damage, and now have 44/61 hp.
MASSIVE DAMAGE!! (PAUSE)
An orc priest comes into view. It is wielding a +0 whip.
Found a staircase to the Ecumenical Temple.
The orc priest shouts!
The ogre attacks as you move away! You block the ogre's attack.
The ogre attacks as you move away!
The ogre hits you with a +0 giant spiked club!!
* * * LOW HITPOINT WARNING * * *
😨 HP[-19]
You take 19 damage, and now have 25/61 hp.
MASSIVE DAMAGE!! (PAUSE) 😨 HP[+1] 😨 HP[+1]
The orc priest mumbles some strange prayers to Beogh against you.
Beogh smites you!
* * * LOW HITPOINT WARNING * * *
😨 HP[-11]
You take 11 damage, and now have 16/61 hp. 😨 HP[+1]
The orc priest mumbles some strange prayers to Beogh against you.
Beogh smites you!
You die...

Skill      XL: |  1  2  3  4  5  6  7 |
---------------+----------------------+-----
Axes           | 3 4 5 6 |  6.5
Armour         | 4 5 |  5.5
Shields        | 4 5 |  5.5
Fighting       | 4 5 |  5.4
Throwing       | 1 2 3 |  3.1

Action                     |  1- 3 |  4- 6 |  7- 9 || total
---------------------------+-------+-------+-------++-------
  Melee: War axe           |    60 |   145 |    29 ||   234
         Headbutt          |    11 |    21 |     5 ||    37
    Use: Scroll            |       |       |    10 ||    10
 Armour: Scale mail        |    19 |    67 |    13 ||    99
  Dodge: Dodged            |    27 |    65 |    14 ||   106
  Block: Buckler           |    12 |    47 |    10 ||    69

Levels and vault maps discovered:
D:1:      psy_arrival_radial01, layout_basic,
          dreamdust_ecumenical_altar_statues, minmay_misc_feat_ornament,
          minmay_lizard_pond
D:2:      layout_loops_ring, kennysheep_donut, minmay_pentomino_pile
D:3:      layout_loops_ring, uniq_ijyb
D:4:      layout_layer_cave, mainiacjoe_overflow_brackets, st_stairs_7,
          dreamdust_gnoll_farm
D:5:      layout_rooms, nicolae_ru_the_path_less_chosen,
          minmay_temple_entry_proselytizer, minmay_gold_behind_fungi,
          minmay_misc_feat_doors, hangedman_decor_points, cheibrodos_gnoll_hut

Notes
Turn   | Place    | Note
-------+----------+-------------------------------------------
     0 | D:1      | Sanktem7 the Minotaur Fighter began the quest for the Orb.
     0 | D:1      | Reached XP level 1. HP: 19/19 MP: 0/0
     0 | D:1      | magus.rc [v1.9.6]
    75 | D:1      | You pick up a book of Rime and begin reading...
    75 | D:1      | You add the spells Frozen Ramparts, Ice Form and Summon Ice
                  | Beast to your library.
   325 | D:1      | Found a faded altar of an unknown god.
   517 | D:1      | Reached XP level 2. HP: 24/27 MP: 1/1
   870 | D:2      | Reached skill level 3 in Axes
   946 | D:2      | Reached skill level 4 in Armour
   946 | D:2      | Reached XP level 3. HP: 33/33 MP: 2/2
   961 | D:2      | Reached skill level 4 in Shields
  1027 | D:2      | Reached skill level 4 in Fighting
  1030 | D:2      | Reached skill level 1 in Throwing
  1030 | D:2      | Reached XP level 4. HP: 37/40 MP: 3/3
  1703 | D:2      | Reached skill level 4 in Axes
  1764 | D:3      | Reached XP level 5. HP: 39/47 MP: 4/4
  2053 | D:3      | Noticed Ijyb
  2060 | D:3      | Killed Ijyb
  2997 | D:4      | Reached skill level 2 in Throwing
  2997 | D:4      | Reached XP level 6. HP: 42/53 MP: 5/5
  3049 | D:4      | Found a white marble altar of Elyvilon.
  3061 | D:4      | Reached skill level 5 in Axes
  3187 | D:4      | HP: 9/53 [ogre/+0 giant club (18)]
  3525 | D:4      | Reached skill level 5 in Shields
  3563 | D:4      | Reached skill level 5 in Armour
  3590 | D:4      | Reached skill level 5 in Fighting
  3779 | D:4      | Reached XP level 7. HP: 61/61 MP: 6/6
  4215 | D:5      | Entered Level 5 of the Dungeon
  4225 | D:5      | Reached skill level 6 in Axes
  4241 | D:4      | Reached skill level 3 in Throwing
  4464 | D:5      | Found a staircase to the Ecumenical Temple.
  4475 | D:5      | Killed from afar by an orc priest

Vanquished Creatures
  An ogre (D:4)
  A phantom (D:4)
  A scorpion (D:4)
  A jelly (D:4)
  An orc priest (D:5)
  2 hounds
  A gnoll bouda (D:5)
  3 iguanas
  4 orc wizards
  Ijyb (D:3)
  10 gnolls
  6 adders
  A shadow imp (D:5)
  2 worms (D:2)
  2 dart slugs
  9 orcs
  6 endoplasms
  2 giant cockroaches
  6 hobgoblins
  4 jackals (D:4)
  2 quokkas
  5 bats
  8 frilled lizards
  6 goblins
  7 kobolds
  7 rats
99 creatures vanquished.

Table legend:
 A = Non-vault XP
 B = Vault XP
 C = Vault XP percentage of total XP
 D = Non-vault monster count
 E = Vault monster count
 F = Vault count percentage of total count
                 A         B        C        D         E       F
            +---------+---------+-------+---------+---------+-------
      Total |     984 |     176 |  15.2 |      80 |      19 |  19.2
            +---------+---------+-------+---------+---------+-------
        D:1 |      13 |       6 |  31.6 |       9 |       6 |  40.0
        D:2 |     103 |      34 |  24.8 |      22 |       6 |  21.4
        D:3 |      75 |      32 |  29.9 |      15 |       1 |   6.2
        D:4 |     511 |     104 |  16.9 |      21 |       6 |  22.2
        D:5 |     282 |       0 |   0.0 |      13 |       0 |   0.0
            +---------+---------+-------+---------+---------+-------

Skill      XL: |  1  2  3  4  5  6  7 |
---------------+----------------------+-----
Axes           | 3 4 5 6 |  6.5
Armour         | 4 5 |  5.5
Shields        | 4 5 |  5.5
Fighting       | 4 5 |  5.4
Throwing       | 1 2 3 |  3.1

Action                     |  1- 3 |  4- 6 |  7- 9 || total
---------------------------+-------+-------+-------++-------
  Melee: War axe           |    60 |   145 |    29 ||   234
         Headbutt          |    11 |    21 |     5 ||    37
    Use: Scroll            |       |       |    10 ||    10
 Armour: Scale mail        |    19 |    67 |    13 ||    99
  Dodge: Dodged            |    27 |    65 |    14 ||   106
  Block: Buckler           |    12 |    47 |    10 ||    69

Illustrated notes

Table legend:
 A = Kills in this place as a percentage of kills in the entire game.
 B = Kills by you in this place as a percentage of kills by you in the entire game.
 C = Kills by friends in this place as a percentage of kills by friends in the entire game.
 D = Other kills in this place as a percentage of other kills in the entire game.
 E = Experience gained in this place as a percentage of experience gained in the entire game.
 F = Experience gained in this place divided by the number of levels of this place that you have seen.
                   A       B       C       D       E      F
               +-------+-------+-------+-------+-------+----------------------
         Total | 100.0 | 100.0 |   N/A |   N/A | 100.0 | 232.0
       Dungeon | 100.0 | 100.0 |   N/A |   N/A | 100.0 | 232.0
               +-------+-------+-------+-------+-------+----------------------

Table legend: (Time is in decaauts)
 A = Elapsed time spent in this place.
 B = Non-inter-level travel time spent in this place.
 C = Inter-level travel time spent in this place.
 D = Time resting spent in this place.
 E = Time spent auto-exploring this place.
 F = Levels seen in this place.
 G = Mean time per level.
                   A        B        C        D        E       F      G
               +--------+--------+--------+--------+--------+-----+--------+
         Total |   4544 |   4410 |    134 |    218 |   3599 |   5 |  908.8 |
       Dungeon |   4544 |   4410 |    134 |    218 |   3599 |   5 |  908.8 |
               +--------+--------+--------+--------+--------+-----+--------+

Top non-repeatable levels by time:
     D:4: 1864 daAuts
     D:2: 877 daAuts
     D:1: 862 daAuts
     D:3: 805 daAuts
     D:5: 135 daAuts
